AoeStats
← URUK HAI

Arabia

509614755Analyzed
1v1 RM · 6d ago on Sep 27, 2026· 42m 45s· 2 players
Game mode
Random Map
Map size
Tiny (2 player)
Population
200
Speed
Normal
Resources
Standard
Victory
Conquest
Starting age
Dark Age
Ending age
Imperial Age
RankedLock teamsTeams togetherTeam positionsShared explorationLock speedFull tech treeHidden civsTurbo modeCheats
Victory
Defeat
🇫🇷 Vikings · France
686
+16
🇨🇿 Byzantines · Czechia
692
-16
URUK HAI
6:51 Loom
9:49 Feudal Age
10:24 Double-Bit Axe
13:31 Scale Mail Armor
13:01 Man-at-Arms
15:24 Horse Collar
24:48 Forging
31:32 Castle Age
32:02 Long Swordsman
34:00 Squires
34:30 Heavy Plow
37:54 Iron Casting
37:35 Chain Mail Armor
38:23 Gold Mining
38:31 Stone Mining
41:14 Chieftains
Jerycho666
10:56 Feudal Age
9:13 Loom
13:02 Double-Bit Axe
17:52 Scale Barding Armor
18:07 Forging
21:52 Horse Collar
25:26 Castle Age
Connection lost

Rejoining the realm…

Still unreachable

The connection could not be restored.

Session expired

The server has moved on; the page needs a fresh start.